 Dungeon Crawl Stone Soup version 0.19.1 (webtiles) character file.

16369 dajomu the Carver (level 12, -12/103 (104) HPs)
             Began as a Ghoul Warper on Dec 10, 2016.
             Was a High Priest of Makhleb.
             Hit by a large rock thrown by a stone giant (15 damage)
             ... on level 1 of the Orcish Mines on Dec 11, 2016.
             The game lasted 02:49:28 (12131 turns).

dajomu the Carver (Ghoul Warper)                   Turns: 12131, Time: 02:49:29

HP:   -12/103 (104) AC: 17    Str: 17    XL:     12   Next: 36%
MP:   14/14         EV:  9    Int:  9    God:    Makhleb [*****.]
Gold: 270           SH:  0    Dex: 10    Spells: 0 memorised, 15 levels left

rFire  + . .     SeeInvis +     t - +1 great sword (protect)
rCold  + . .     Gourm    .     U - +1 chain mail {rF+}
rNeg   + + +     Faith    .     (shield currently unavailable)
rPois  ∞         Spirit   .     D - +2 helmet
rElec  .         Reflect  .     (no cloak)
rCorr  .         Harm     .     (no gloves)
MR     .....                    i - +0 pair of boots
Stlth  ..........               (no amulet)
                                S - ring of see invisible
                                A - ring of stealth

@: rotting
A: rotting body, claws 1, carnivore 3, cold resistance 1, negative energy
resistance 3, slow regeneration 1, torment resistance, unbreathing
a: Minor Destruction, Lesser Servant of Makhleb, Major Destruction, Greater
Servant of Makhleb, Renounce Religion


You were on level 1 of the Orcish Mines.
You worshipped Makhleb.
Makhleb was extremely pleased with you.
You were not hungry.

You visited 3 branches of the dungeon, and saw 13 of its levels.

You collected 665 gold pieces.
You spent 395 gold pieces at shops.

Inventory:

Hand Weapons
 a - a +4 trident of freezing
 t - a +1 great sword of protection (weapon)
 u - a +4 mace
 v - a +3 falchion of distortion
 E - a +3 long sword of electrocution
 I - a +1 spear of piercing
 M - a cursed +5 spear
 N - a cursed +5 halberd
 Q - a cursed +5 long sword of freezing
Missiles
 e - a tomahawk of dispersal (quivered)
Armour
 h - a +2 chain mail
 i - a +0 pair of boots (worn)
 r - a +0 plate armour
 D - a +2 helmet (worn)
 U - a +1 chain mail of fire resistance (worn)
Magical Staves
 n - an uncursed staff of air {unknown}
 z - an uncursed staff of power
Jewellery
 g - an uncursed ring of fire
 m - an uncursed ring of flight
 A - a ring of stealth (left claw)
 S - a ring of see invisible (right claw)
Wands
 j - a wand of acid (0/15)
 k - a wand of flame (16/48)
 o - a wand of paralysis (0/24)
 p - a wand of confusion (11/48)
 y - a wand of teleportation (7/9)
 J - a wand of random effects (12/48)
 K - a wand of flame (0/48)
 O - a wand of iceblast (0/15)
Scrolls
 d - 2 scrolls of blinking
 q - 6 scrolls of remove curse
 w - a scroll of amnesia
 T - a scroll of teleportation
Potions
 x - a potion of invisibility
 C - a potion of lignification {unknown}
 H - a potion of beneficial mutation
 L - a potion of brilliance {unknown}
 R - a potion of magic {unknown}
Books
 c - a book of Spatial Translocations

   Spells                             Type                      Level
   a - Blink                          Translocation                2
   b - Shroud of Golubria             Charms/Translocation         2
   c - Lesser Beckoning               Translocation                3
   d - Portal Projectile              Translocation                3
   e - Teleport Other                 Translocation                3
   f - Passage of Golubria            Translocation                4
 l - a book of Changes

   Spells                             Type                      Level
   a - Beastly Appendage              Transmutation                1
   b - Sticks to Snakes               Transmutation                2
   c - Spider Form                    Transmutation/Poison         3
   d - Ice Form                       Ice/Transmutation            4
   e - Blade Hands                    Transmutation                5
 B - a book of Beasts

   Spells                             Type                      Level
   a - Summon Butterflies             Summoning                    1
   b - Call Canine Familiar           Summoning                    3
   c - Summon Ice Beast               Ice/Summoning                4
   d - Summon Mana Viper              Hexes/Summoning              5
   e - Summon Hydra                   Summoning                    7
 F - a Young Poisoner's Handbook

   Spells                             Type                      Level
   a - Sting                          Conjuration/Poison           1
   b - Mephitic Cloud                 Conjuration/Poison/Air       3
   c - Olgreb's Toxic Radiance        Poison                       4
   d - Alistair's Intoxication        Transmutation/Poison         5
   e - Venom Bolt                     Conjuration/Poison           5
 G - a book of Unlife

   Spells                             Type                      Level
   a - Recall                         Summoning/Translocation      3
   b - Animate Dead                   Necromancy                   4
   c - Control Undead                 Necromancy                   4
   d - Cigotuvi's Embrace             Necromancy                   5
   e - Death Channel                  Necromancy                   6
   f - Simulacrum                     Ice/Necromancy               6
 P - a book of Enchantments

   Spells                             Type                      Level
   a - Cause Fear                     Hexes                        4
   b - Yara's Violent Unravelling     Hexes/Transmutation          5
   c - Silence                        Hexes/Air                    5
   d - Deflect Missiles               Charms/Air                   6
   e - Discord                        Hexes                        8


   Skills:
 + Level 9.1 Fighting
 + Level 10.7 Long Blades
 + Level 5.0 Polearms
 + Level 0.8 Throwing
 + Level 9.2 Armour
 + Level 4.6 Dodging
 + Level 2.7 Stealth
 + Level 2.1 Spellcasting
   Level 2.6 Translocations
 + Level 2.0 Invocations
 + Level 5.1 Evocations


You had 15 spell levels left.
You didn't know any spells.

Dungeon Overview and Level Annotations

Branches:
Dungeon (11/15)            Temple (1/1) D:5            Lair (0/6) D:9
    Orc (1/2) D:10

Altars:
Ashenzari
Cheibriados
Dithmenos
Elyvilon
Fedhas
Gozag
Hepliaklqana
Kikubaaqudgha
Makhleb
Nemelex Xobeh
Okawaru
Qazlal
Ru
Sif Muna
Trog
Uskayaw
Vehumet
Xom
Yredelemnul
Zin
The Shining One

Shops:
D:9 ?


Innate Abilities, Weirdness & Mutations

Your body is rotting away.
You thrive on raw meat.
You are immune to poison.
You have sharp fingernails.
You are carnivorous and can eat meat at any time.
Your flesh is cold resistant. (rC+)
You are immune to negative energy. (rN+++)
You regenerate slowly when monsters are visible.
You are immune to unholy pain and torment.
You can survive without breathing.


Message History

This raw flesh tastes great!
You now have 257 gold pieces (gained 16).
You now have 270 gold pieces (gained 13).
You feel your flesh rotting away.
A stone giant comes into view.
The stone giant throws a large rock.
The large rock hits you!!!
You see here a large rock.
Evoke which item? (* to show all) (? for menu, Esc to quit)
Zapping:
J - a wand of random effects (13/48)
Press: ? - help, Shift-Dir - straight line, f - stone giant
Aim: a stone giant The bolt of negative energy hits the stone giant.
The stone giant is drained!
The stone giant is lightly wounded.
This wand has 12 charges left.
The stone giant throws a large rock.
The large rock hits you!!
* * * LOW HITPOINT WARNING * * *
Unknown command.
The stone giant throws a large rock.
The large rock hits you!
You die...

##.###..............
#...........C......#
##.................#
##..................
##..#.........>......
#...........^.....#..
#....#..((...........
##....................
##.......#.@.....#.....
#...##..##.............
##...######>..........$
##.## #....÷....... ###
##...........
#...........
#......##.#.# ##....##
## # ...###


You could see a stone giant.

Vanquished Creatures
  A hydra (D:11)
  Erolcha (D:11)
  Harold (D:11)
  Urug (D:11)
  5 hill giants
  2 manticores (D:11)
  Maurice (D:11)
  A centaur skeleton (D:11)
  3 trolls
  The ghost of loralnil the Shield-Bearer, an amateur FoFi (D:4)
  3 hippogriffs
  2 dream sheep (D:8)
  A wyvern (D:9)
  14 yaks
  3 hungry ghosts
  Grum (D:10)
  A hell hound (D:9)
  An orc warrior (D:5)
  6 sky beasts
  6 phantoms
  12 ogres
  A necrophage (D:7)
  3 wolves (D:10)
  4 centaurs
  4 big kobolds (D:8)
  5 bullfrogs
  3 scorpions
  11 wights
  A howler monkey (D:4)
  2 crimson imps
  5 jellies
  4 hounds
  3 bullfrog zombies
  An orc priest (D:9)
  A bullfrog skeleton (D:3)
  An iguana (D:4)
  3 orc wizards
  Natasha (thrice) (D:3)
  5 worker ants
  A killer bee zombie (D:9)
  A hound zombie (D:5)
  2 hound skeletons
  2 worker ant zombies
  Robin (D:3)
  2 gnolls (D:7)
  A howler monkey skeleton (D:8)
  13 adders
  6 shadow imps
  An ooze (D:4)
  2 worms
  3 dart slugs
  3 leopard geckos
  20 orcs
  6 giant cockroaches
  11 goblins
  11 hobgoblins
  7 jackals
  13 kobolds
  4 quokkas
  A ball python (D:1)
  4 bats
  6 frilled lizards
  A leopard gecko skeleton (D:4)
  2 quokka skeletons
  A quokka zombie (D:9)
  8 rats
  2 plants (D:8)
262 creatures vanquished.

Vanquished Creatures (others)
  An unseen horror (D:11)
  An orc warrior (D:8)
  A bullfrog (D:8)
  An orc priest (D:9)
  An orc wizard (D:5)
  An iguana (D:7)
  2 worker ants (D:7)
  A howler monkey zombie (D:9)
  A gnoll (D:7)
  A jackal (D:6)
  3 plants (D:8)
14 creatures vanquished.

Grand Total: 276 creatures vanquished

Notes
Turn   | Place    | Note
-------+----------+-------------------------------------------
     0 | D:1      | dajomu the Ghoul Warper began the quest for the Orb.
     0 | D:1      | Reached XP level 1. HP: 17/17 MP: 2/2
   144 | D:1      | Reached XP level 2. HP: 22/25 MP: 3/3
   202 | D:1      | Found a hazy altar of Hepliaklqana.
   359 | D:1      | Reached skill level 1 in Armour
   604 | D:1      | Reached XP level 3. HP: 19/30 MP: 5/5
   825 | D:2      | Found a burning altar of Makhleb.
   827 | D:2      | Noticed a green death
   831 | D:2      | Noticed an orange demon
   831 | D:2      | Noticed a neqoxec
   833 | D:2      | Became a worshipper of Makhleb the Destroyer
  1283 | D:2      | Reached XP level 4. HP: 28/37 MP: 6/6
  1844 | D:2      | Reached * piety under Makhleb
  2028 | D:3      | Noticed Natasha
  2034 | D:3      | Killed Natasha
  2065 | D:3      | Reached XP level 5. HP: 44/44 MP: 7/7
  2370 | D:3      | Noticed Robin
  2414 | D:3      | Killed Robin
  2789 | D:3      | Noticed a moth of wrath
  2791 | D:3      | Noticed Natasha
  2792 | D:3      | Found a bloodstained altar of Trog.
  2832 | D:3      | Killed Natasha
  2923 | D:3      | Noticed Natasha
  2929 | D:3      | Killed Natasha
  2929 | D:3      | Reached XP level 6. HP: 32/51 MP: 8/8
  2972 | D:3      | Reached ** piety under Makhleb
  3029 | D:4      | Noticed loralnil's ghost (amateur FoFi)
  3043 | D:4      | Killed loralnil's ghost
  3043 | D:4      | Reached skill level 1 in Stealth
  3043 | D:4      | Reached XP level 7. HP: 58/58 MP: 9/9
  3234 | D:4      | Reached skill level 1 in Long Blades
  3427 | D:4      | Reached skill level 5 in Polearms
  4026 | D:5      | Entered Level 5 of the Dungeon
  4494 | D:5      | Reached skill level 2 in Long Blades
  4494 | D:5      | Reached XP level 8. HP: 31/67 MP: 10/10
  4545 | D:5      | Found a staircase to the Ecumenical Temple.
  4575 | Temple   | Entered the Ecumenical Temple
  5385 | D:6      | Reached skill level 3 in Long Blades
  5752 | D:6      | Found a shadowy altar of Dithmenos.
  6248 | D:7      | Reached skill level 5 in Fighting
  6308 | D:7      | Reached skill level 4 in Long Blades
  6380 | D:7      | Reached *** piety under Makhleb
  6425 | D:7      | Reached skill level 5 in Armour
  6425 | D:7      | Reached XP level 9. HP: 74/74 MP: 11/11
  6608 | D:7      | Reached skill level 5 in Long Blades
  6619 | D:7      | Found a stormy altar of Qazlal.
  6661 | D:7      | Found an opulent altar of Gozag.
  6895 | D:7      | Reached skill level 1 in Evocations
  7187 | D:8      | Reached skill level 6 in Long Blades
  7374 | D:8      | Reached **** piety under Makhleb
  7388 | D:8      | Reached XP level 10. HP: 84/84 MP: 12/12
  7617 | D:8      | Reached skill level 1 in Invocations
  7714 | D:8      | Reached skill level 7 in Long Blades
  7801 | D:8      | Noticed a three-headed hydra
  8083 | D:8      | Found an ancient bone altar of Kikubaaqudgha.
  8505 | D:9      | Found Puhevvas's Magic Scroll Shoppe.
  8513 | D:9      | Bought a scroll of recharging for 123 gold pieces
  8513 | D:9      | Bought a scroll of recharging for 123 gold pieces
  8513 | D:9      | Bought a scroll of identify for 26 gold pieces
  8513 | D:9      | Bought a scroll of recharging for 123 gold pieces
  8631 | D:9      | Found a staircase to the Lair.
  8950 | D:9      | Reached skill level 8 in Long Blades
  9542 | D:10     | Entered Level 10 of the Dungeon
  9764 | D:10     | Found a staircase to the Orcish Mines.
  9921 | D:10     | Reached XP level 11. HP: 92/92 MP: 13/13
 10155 | D:10     | Noticed a hill giant
 10167 | D:10     | Killed a hill giant
 10230 | D:10     | Noticed Grum
 10230 | D:10     | Noticed a hill giant
 10243 | D:10     | Killed a hill giant
 10243 | D:10     | Killed Grum
 10448 | D:10     | Reached skill level 9 in Long Blades
 10501 | D:10     | You fall through a shaft!
 10606 | D:11     | Noticed a manticore
 10617 | D:11     | Killed a manticore
 10680 | D:11     | Noticed Erolcha
 10688 | D:11     | Killed Erolcha
 10750 | D:11     | Noticed Harold
 10766 | D:11     | Killed Harold
 10811 | D:11     | Noticed a six-headed hydra
 10822 | D:11     | Killed a six-headed hydra
 10822 | D:11     | Reached ***** piety under Makhleb
 10829 | D:11     | Reached skill level 10 in Long Blades
 11226 | D:11     | Noticed a hill giant
 11236 | D:11     | Killed a hill giant
 11270 | D:11     | Reached XP level 12. HP: 100/102 MP: 14/14
 11407 | D:11     | Noticed Maurice
 11458 | D:11     | Killed Maurice
 11594 | D:11     | Reached skill level 5 in Evocations
 11771 | D:11     | Noticed Urug
 11847 | D:11     | Killed Urug
 12015 | Orc:1    | Entered Level 1 of the Orcish Mines
 12126 | Orc:1    | Noticed a stone giant
 12129 | Orc:1    | HP: 3/103 [stone giant/large rock (29)]
 12131 | Orc:1    | Hit by a large rock thrown by a stone giant

Skill      XL: |  1  2  3  4  5  6  7  8  9 10 11 12 |
---------------+-------------------------------------+-----
Dodging        | 2 3 4 |  4.6
Spellcasting   | 2 |  2.1
Armour         | 1 2 3 5 6 7 8 9 |  9.2
Polearms       | 2 3 4 5 |  5.0
Fighting       | 3 4 5 6 7 8 9 |  9.1
Stealth        | 1 2 |  2.7
Long Blades    | 2 4 6 8 10 | 10.7
Evocations     | 2 3 4 5 |  5.1
Invocations    | 1 2 |  2.0
Throwing       | |  0.8
Translocations | |  2.6

Action                   |  1- 3 |  4- 6 |  7- 9 | 10-12 || total
-------------------------+-------+-------+-------+-------++-------
Melee: Spear             |   192 |   234 |       |       ||   426
       Falchion          |       |    11 |   343 |   178 ||   532
       Long sword        |       |       |       |   208 ||   208
       Great sword       |       |       |       |    17 ||    17
Invok: Minor Destruction |       |       |     1 |       ||     1
       Major Destruction |       |       |     1 |     1 ||     2
 Abil: Evoke Flight      |       |       |     1 |       ||     1
Evoke: Wand              |       |       |    16 |    70 ||    86
  Use: Scroll            |     4 |     7 |    10 |    22 ||    43
       Potion            |     4 |       |     3 |     6 ||    13
 Stab: Paralysed         |       |       |       |     4 ||     4
       Confused          |       |       |       |     1 ||     1
  Eat: Chunk             |    24 |    18 |    42 |    92 ||   176
       Meat ration       |       |     4 |     1 |     8 ||    13
       Beef jerky        |       |       |     1 |     1 ||     2
       Pizza             |       |       |       |     7 ||     7
Armor: Chain mail        |   117 |   135 |   172 |   213 ||   637
       Leather armour    |     2 |       |       |       ||     2
Dodge: Dodged            |    56 |    67 |   111 |   163 ||   397
       Rpst.: Falchion   |       |     1 |    33 |    20 ||    54
       Long sword        |       |       |       |    17 ||    17
       Great sword       |       |       |       |     4 ||     4
